Map: Backcountry

Players

LGGlHaluile

  • Race: Terran Terran
  • League: Silver
  • Spawn Location: 11:00

Azereit

  • Race: Protoss Protoss
  • League: Gold
  • Spawn Location: 9:00

LGGlPastaBox

  • Race: Protoss Protoss
  • League: Silver
  • Spawn Location: 11:00

Blubbel - Winner!

  • Race: Terran Terran
  • League: Silver
  • Spawn Location: 5:00

zod - Winner!

  • Race: Protoss Protoss
  • League: Silver
  • Spawn Location: 5:00

MasteroP - Winner!

  • Race: Zerg Zerg
  • League: Gold
  • Spawn Location: 5:00

VOD

Have the link to the VOD?

Description

Time

  • Played on: Jan. 20, 2016, 3:40 p.m.
  • Length: 16:51
Show
View Real Time Build Order
Export as new Build Order

LGGlHaluile Terran 

Build Orders:  

Get SALT Encoding   

  12  0:01  SCV  
  13  0:14  Supply Depot  
  13  0:16  SCV  
  14  0:28  SCV  
  15  0:38  Barracks  
  15  0:40  SCV  
  16  0:53  SCV, Refinery  
  17  1:05  SCV  
  17  1:07  Barracks  
  18  1:17  SCV  
  19  1:33  Barracks  
  19  1:34  SCV  
  20  1:42  Marine  
  20  1:46  SCV  
  22  1:54  Barracks  
  23  2:03  Marine  
  23  2:06  Supply Depot  
  23  2:09  Orbital Command  
  23  2:28  Marine  
  24  2:53  SCV  
  25  3:00  Marine x2  
  28  3:05  SCV  
  28  3:08  Barracks  
  28  3:10  Marine  
  29  3:17  SCV  
  29  3:18  Marine  
  31  3:34  Supply Depot  
  31  3:36  Supply Depot  
  31  3:38  Supply Depot  
  31  3:41  Refinery  
  31  3:43  Factory  
  31  3:52  Command Center  
  31  3:55  Marine x2  
  31  3:56  SCV  
  34  4:08  SCV  
  35  4:11  Engineering Bay  
  35  4:15  Marine x5  
  40  4:41  Missile Turret  
  40  4:50  Marine x3  
  40  4:51  Marine  
  44  4:53  Missile Turret  
  44  5:02  SCV  
  44  5:04  Missile Turret  
  44  5:05  Orbital Command  
  45  5:09  Marine x2  
  47  5:15  SCV, Barracks  
  47  5:16  Terran Infantry Weapons Level 1  
  48  5:33  Missile Turret  
  48  5:34  SCV x2  
  50  5:44  Factory  
  50  5:47  Factory Tech Lab  
  50  5:53  Starport  
  50  5:59  Missile Turret  
  50  6:01  Marine x2  
  52  6:07  SCV x2  
  52  6:08  Refinery  
  54  6:20  Barracks Tech Lab  
  54  6:21  Barracks Tech Lab  
  54  6:25  Siege Tank  
  57  6:27  Factory Tech Lab  
  57  6:35  Barracks Reactor  
  57  6:39  Barracks Reactor  
  57  6:41  Barracks Reactor  
  57  6:43  Barracks Reactor, SCV  
  57  6:44  SCV  
  59  6:55  SCV  
  59  6:56  SCV  
  61  7:08  SCV x2  
  63  7:14  Combat Shields, Stimpack  
  63  7:16  Starport Reactor  
  63  7:18  Siege Tank x2  
  63  7:20  SCV  
  70  7:25  Supply Depot  
  70  7:26  Supply Depot x2  
  70  7:27  Supply Depot  
  70  7:30  Terran Infantry Armor Level 1  
  70  7:35  Missile Turret  
  70  7:46  Marine x7  
  70  7:50  Siege Tank  
  80  8:15  Marine  
  80  8:16  Marine x4  
  80  8:17  Marine x3  
  80  8:18  Siege Tank  
  91  8:20  Medivac  
  91  8:22  Siege Tank  
  96  8:32  SCV x2  
  96  8:33  Marine  
  96  8:34  Marine x3  
  102  8:42  Refinery  
  102  8:54  Supply Depot  
  102  8:56  Supply Depot  
  102  8:59  Supply Depot  
  102  9:00  Marine  
  102  9:01  Supply Depot  
  102  9:16  SCV x2, Siege Tank, Marine  
  108  9:18  Supply Depot  
  108  9:28  SCV  
  102  9:57  Marine x2  
  102  9:58  Marine x5  
  102  9:59  Marine  
  110  10:00  Medivac x2  
  114  10:30  Medivac x2  
  114  10:32  Marine  
  114  10:33  Marine x5  
  114  10:34  Marauder x2  
  121  11:15  Marine x2  
  121  11:16  Marine x6  
  129  11:25  Viking x2  
  122  11:33  Marine x2  
  122  11:34  Marine x4  
  125  11:40  Marine x2  
  127  11:51  Marine x2  
  126  11:55  Viking x2  
  118  12:11  Marine x4  
  118  12:12  Marine x2  
  120  12:25  Viking  
  119  12:35  Marine x3  
  119  12:36  Marine x3  
  50  13:30  Marine x6  
  50  13:38  Siege Tank x2  
  56  13:47  Marine  
  56  13:48  Marine x3  
  60  14:06  Armory  
  60  14:10  Siege Tank x2  
  60  14:16  Command Center  
  66  14:43  SCV, Marine  
  66  14:44  Marine x5  
  72  15:01  Marine  
  72  15:02  Marine x5  
  69  15:21  Marine x3  
  69  15:22  Marine x3  
  70  15:39  Marine x4  
  70  15:40  Marine x2  
  41  15:57  Marine  
  41  16:01  Marine  
Show
View Real Time Build Order
Export as new Build Order

Azereit Protoss 

Build Orders:  

Get SALT Encoding   

  12  0:01  Probe (Chrono Boost)  
  13  0:12  Probe (Chrono Boost)  
  14  0:19  Pylon  
  14  0:23  Probe (Chrono Boost)  
  15  0:38  Probe (Chrono Boost)  
  15  0:41  Gateway  
  16  0:45  Assimilator  
  16  0:48  Probe (Chrono Boost)  
  17  1:00  Gateway  
  17  1:02  Probe (Chrono Boost)  
  18  1:12  Probe (Chrono Boost)  
  19  1:23  Probe (Chrono Boost)  
  20  1:46  Probe (Chrono Boost)  
  21  1:51  Cybernetics Core  
  21  1:57  Probe (Chrono Boost)  
  22  2:07  Probe (Chrono Boost)  
  22  2:08  Nexus  
  23  2:09  Assimilator  
  23  2:18  Pylon  
  23  2:20  Pylon  
  23  2:28  Warp Gate (Chrono Boost)  
  23  2:36  Probe  
  24  2:39  Stalker  
  24  2:40  Stalker  
  28  2:49  Mothership Core  
  30  3:11  Probe  
  31  3:26  Probe  
  32  3:29  Probe  
  33  3:38  Probe, Pylon  
  33  3:40  Probe  
  34  3:41  Stalker  
  34  3:42  Stalker  
  34  3:44  Pylon  
  39  3:50  Probe x2  
  41  3:57  Gateway  
  41  4:01  Probe  
  42  4:11  Probe  
  43  4:22  Probe  
  31  4:37  Robotics Facility  
  31  5:03  Forge  
  31  5:05  Probe  
  32  5:08  Probe  
  33  5:19  Probe  
  33  5:20  Probe  
  35  5:29  Probe  
  35  5:32  Probe  
  35  5:33  Stalker x3  
  43  5:36  Protoss Ground Weapons Level 1 (Chrono Boost)  
  43  5:40  Probe  
  44  5:44  Probe  
  45  5:50  Probe  
  45  5:56  Probe  
  47  6:01  Probe, Assimilator  
  47  6:02  Stalker  
  47  6:03  Stalker  
  52  6:07  Assimilator  
  52  6:08  Probe  
  53  6:12  Probe  
  53  6:13  Immortal (Chrono Boost)  
  58  6:20  Probe  
  58  6:22  Stalker  
  61  6:26  Stalker x2  
  61  6:31  Probe  
  65  6:33  Probe  
  67  6:42  Probe  
  67  6:46  Pylon  
  68  6:48  Pylon  
  68  6:50  Pylon  
  68  6:51  Pylon  
  68  6:52  Probe  
  68  6:56  Pylon  
  69  7:10  Nexus  
  69  7:18  Stalker  
  69  7:19  Stalker  
  69  7:21  Stalker  
  75  7:30  Protoss Ground Armor Level 1 (Chrono Boost)  
  75  7:38  Observer  
  76  7:47  Stalker  
  76  7:48  Stalker x2  
  77  8:13  Probe  
  78  8:25  Probe  
  78  8:26  Pylon  
  79  8:28  Pylon  
  79  8:32  Observer  
  80  8:34  Stalker  
  80  8:37  Probe  
  80  8:40  Pylon  
  83  8:43  Probe  
  83  8:47  Gateway  
  84  8:49  Gateway, Probe  
  84  8:50  Assimilator  
  84  8:51  Probe  
  84  8:54  Probe, Assimilator  
  86  9:02  Stalker, Probe  
  89  9:03  Stalker  
  89  9:04  Probe  
  91  9:12  Probe  
  91  9:15  Probe  
  91  9:23  Probe  
  91  9:25  Probe, Photon Cannon  
  91  9:29  Photon Cannon  
  91  9:30  Stalker x2  
  97  9:32  Pylon  
  97  9:34  Probe  
  97  9:35  Photon Cannon  
  98  9:58  Stalker  
  98  9:59  Stalker x3  
  100  10:49  Stalker x2  
  100  10:50  Stalker x2  
  96  11:10  Twilight Council  
  86  11:16  Stalker  
  86  11:17  Stalker x3  
  79  11:48  Dark Shrine  
  79  11:51  Pylon  
  78  11:54  Pylon  
  62  12:08  Nexus  
  56  12:35  Cybernetics Core  
  56  13:11  Dark Templar x2  
  56  13:12  Dark Templar  
  60  14:02  Assimilator  
  60  14:09  Pylon  
  60  14:11  Pylon  
  60  14:14  Pylon  
  60  14:19  Dark Templar x3  
  63  15:25  Probe  
  63  15:36  Probe  
  64  15:46  Probe  
  65  15:57  Probe  
  65  16:07  Probe  
Show
View Real Time Build Order
Export as new Build Order

LGGlPastaBox Protoss 

Build Orders:  

Get SALT Encoding   

  12  0:01  Probe (Chrono Boost)  
  13  0:12  Probe (Chrono Boost)  
  14  0:28  Probe (Chrono Boost), Pylon  
  15  0:46  Probe (Chrono Boost)  
  17  0:57  Probe (Chrono Boost), Assimilator  
  17  1:07  Probe (Chrono Boost), Nexus  
  18  1:15  Pylon  
  18  1:20  Probe (Chrono Boost)  
  19  1:26  Gateway  
  19  1:35  Probe (Chrono Boost)  
  19  1:37  Assimilator  
  19  1:39  Assimilator  
  20  1:53  Probe (Chrono Boost)  
  21  2:04  Probe (Chrono Boost)  
  22  2:14  Probe (Chrono Boost)  
  23  2:18  Cybernetics Core  
  23  2:25  Probe (Chrono Boost)  
  24  2:35  Probe x2 (Chrono Boost)  
  26  2:45  Probe (Chrono Boost)  
  26  2:46  Probe (Chrono Boost)  
  28  2:56  Probe (Chrono Boost)  
  28  3:00  Pylon  
  28  3:04  Mothership Core (Chrono Boost)  
  29  3:06  Probe (Chrono Boost)  
  29  3:20  Gateway  
  29  3:21  Gateway x2  
  29  3:26  Pylon  
  29  3:34  Probe (Chrono Boost)  
  29  3:38  Probe (Chrono Boost)  
  31  3:48  Probe (Chrono Boost)  
  32  3:58  Probe (Chrono Boost)  
  32  3:59  Probe (Chrono Boost)  
  34  4:03  Warp Gate (Chrono Boost)  
  34  4:07  Pylon  
  34  4:08  Probe  
  35  4:10  Probe  
  36  4:18  Probe  
  36  4:22  Probe, Gateway  
  38  4:27  Stalker  
  40  4:34  Probe x2  
  40  4:35  Robotics Facility  
  42  4:39  Assimilator  
  42  4:42  Assimilator  
  42  4:46  Probe  
  42  4:48  Stalker  
  45  4:54  Pylon  
  45  4:58  Probe, Forge  
  46  5:08  Twilight Council  
  46  5:10  Probe  
  47  5:21  Stalker x3  
  53  5:33  Pylon  
  53  5:47  Stalker  
  55  5:55  Immortal  
  59  5:59  Robotics Facility  
  59  6:03  Robotics Bay  
  59  6:04  Protoss Ground Weapons Level 1  
  59  6:10  Blink  
  59  6:11  Stalker x2  
  63  6:26  Stalker x2  
  65  6:35  Nexus  
  65  6:40  Pylon  
  65  6:44  Stalker  
  67  7:05  Stalker x3  
  73  7:08  Disruptor  
  76  7:17  Pylon  
  76  7:26  Stalker  
  78  7:32  Pylon  
  78  7:34  Disruptor, Pylon  
  81  7:39  Pylon  
  81  7:44  Disruptor  
  81  7:45  Probe  
  85  7:58  Protoss Ground Armor Level 1  
  85  8:11  Observer  
  85  8:12  Stalker  
  88  8:14  Probe  
  88  8:17  Probe  
  88  8:18  Probe, Assimilator  
  91  8:20  Disruptor  
  91  8:21  Stalker x2  
  91  8:25  Probe  
  99  8:27  Probe  
  99  8:30  Probe  
  99  8:31  Disruptor  
  99  8:32  Stalker  
  106  8:35  Probe  
  106  8:39  Stalker  
  109  8:45  Stalker x2  
  113  8:59  Disruptor  
  113  9:02  Pylon  
  116  9:04  Stalker x2  
  116  9:05  Pylon  
  120  9:17  Probe  
  120  9:20  Gateway  
  120  9:23  Gateway  
  112  9:27  Gateway  
  112  9:28  Probe  
  112  9:33  Stalker x3  
  118  9:57  Stalker x3  
  123  10:04  Probe  
  124  10:07  Gateway, Probe  
  124  10:10  Gateway  
  125  10:15  Probe  
  125  10:18  Disruptor  
  125  10:19  Probe  
  131  10:32  Probe  
  76  11:18  Stalker x3  
  80  11:31  Stalker x2  
  84  11:34  Disruptor x2  
  87  11:59  Stalker x3  
  93  12:05  Nexus  
  93  12:09  Pylon  
  93  12:13  Stalker x2  
  97  12:20  Stalker  
  99  12:36  Stalker  
  99  12:37  Stalker  
  103  12:40  Zealot  
  103  12:41  Zealot x2  
  109  12:50  Stalker  
  111  13:08  Cybernetics Core, Stalker  
  106  13:39  Stalker x4  
  106  13:41  Stalker x2  
  118  13:46  Probe  
  119  13:57  Probe  
  119  14:00  Assimilator  
  120  14:07  Probe  
  120  14:09  Stalker  
  123  14:15  Stalker  
  125  14:18  Probe  
  126  14:28  Probe  
  124  14:39  Probe  
  123  14:50  Stalker x2, Probe  
  128  14:54  Stalker  
  130  15:00  Probe  
  130  15:05  Observer  
  132  15:11  Probe  
  90  15:21  Probe  
  57  15:43  Disruptor x2  
  57  15:46  Stalker x3  
  57  15:48  Stalker  
  57  15:49  Stalker  
  73  15:51  Stalker  
Show
View Real Time Build Order
Export as new Build Order

Blubbel Terran - Winner!

Build Orders: 1/1/1 

Get SALT Encoding   

  12  0:01  SCV  
  13  0:13  SCV  
  14  0:21  Supply Depot  
  14  0:26  SCV  
  15  0:32  Refinery  
  16  0:42  SCV  
  16  0:47  Barracks  
  16  0:54  SCV  
  17  1:15  SCV  
  18  1:27  SCV  
  19  1:36  Supply Depot  
  19  1:40  Factory  
  19  1:51  Marine  
  20  1:54  Orbital Command  
  20  2:03  Supply Depot  
  20  2:21  SCV  
  21  2:27  Widow Mine  
  21  2:28  Starport  
  21  2:29  Marine  
  24  2:33  SCV  
  25  2:41  Refinery  
  25  2:49  Marine  
  26  2:58  Widow Mine  
  26  3:03  SCV  
  29  3:06  Medivac  
  31  3:12  Supply Depot  
  31  3:31  SCV  
  32  3:36  Factory Tech Lab  
  32  3:37  Barracks Reactor  
  32  3:43  SCV  
  32  3:48  Command Center  
  33  3:55  SCV, Starport Tech Lab  
  33  4:01  Engineering Bay  
  34  4:08  SCV  
  35  4:20  SCV  
  36  4:32  SCV  
  33  4:59  Siege Tank  
  36  5:00  Marine x2  
  36  5:01  Medivac  
  40  5:09  SCV x2  
  42  5:17  Missile Turret  
  42  5:18  Marine  
  42  5:21  SCV x2  
  45  5:30  Refinery  
  45  5:33  SCV x2  
  47  5:36  Terran Infantry Weapons Level 1, Barracks  
  47  5:37  Barracks  
  47  5:38  Barracks  
  47  5:39  Missile Turret  
  47  5:42  Armory  
  47  5:45  SCV  
  48  5:53  Liberator  
  51  6:19  Siege Tank  
  51  6:20  Marine x2  
  51  6:25  SCV x2  
  58  6:33  Refinery  
  58  6:37  SCV, Marine  
  58  6:38  Orbital Command, Marine  
  61  6:44  Command Center  
  61  6:47  Barracks Tech Lab x2  
  61  6:48  Barracks Reactor  
  61  6:57  Supply Depot  
  61  7:00  Supply Depot  
  61  7:01  Supply Depot  
  61  7:02  Liberator  
  61  7:04  Engineering Bay  
  61  7:17  SCV  
  65  7:25  SCV  
  65  7:29  SCV  
  67  7:34  Fusion Core  
  67  7:37  SCV  
  67  7:41  SCV, Marauder x2  
  67  7:42  Marine  
  74  7:49  SCV  
  75  8:03  Marauder x2  
  79  8:18  Marine  
  79  8:19  Marine x3  
  83  8:24  Marauder x2  
  87  8:36  Marine x2  
  87  8:37  Marine x2  
  91  8:43  Terran Infantry Weapons Level 2  
  91  8:45  Terran Infantry Armor Level 1, Marauder  
  91  8:46  Marauder  
  91  8:47  Terran Vehicle And Ship Armor Level 1  
  95  8:53  Supply Depot  
  95  8:57  Marine x4  
  95  9:00  Command Center  
  99  9:06  Marine  
  100  9:11  Advanced Ballistics  
  100  9:42  Marine x2, Marauder x2  
  100  9:43  Marine  
  107  9:50  Marine  
  108  10:00  Marine  
  109  10:11  Marauder x2, Marine x3  
  116  10:18  Marine  
  117  10:29  Marine x3  
  117  10:33  Marauder x2  
  124  10:41  Marine  
  124  10:46  Marine x3  
  121  10:54  Marauder x2  
  114  10:59  Marine  
  108  11:16  Marauder  
  72  12:16  Marine x6  
  74  12:33  Marine  
  74  12:34  Marine x5  
  80  12:45  Widow Mine  
  82  12:51  Marine x2  
  82  12:52  Marine x4  
  86  13:09  Marine x4  
  86  13:10  Marine x2  
  87  13:27  Marine x5  
  87  13:28  Marauder  
  94  13:45  Marine x4  
  94  13:46  Marauder  
  100  13:49  Marauder  
  100  13:55  Barracks  
  102  13:56  Barracks  
  102  13:58  Supply Depot x2  
  102  13:59  Barracks  
  102  14:01  Supply Depot  
  102  14:02  Supply Depot, Marine  
  102  14:03  Marine x3  
  102  14:07  Planetary Fortress, Marauder  
  108  14:11  Marauder  
  110  14:29  Marauder  
  77  15:32  Barracks Reactor x3  
  77  15:39  Marine  
  77  15:40  Marine x5  
  83  15:57  Marine x2  
  83  15:58  Marauder, Marine x2  
  83  15:59  Marauder  
  83  16:15  Marine x2  
  83  16:20  Marauder x2  
Show
View Real Time Build Order
Export as new Build Order

zod Protoss - Winner!

Build Orders:  

Get SALT Encoding   

  12  0:01  Probe (Chrono Boost)  
  13  0:11  Probe (Chrono Boost)  
  14  0:22  Probe (Chrono Boost)  
  14  0:26  Pylon  
  15  0:44  Probe (Chrono Boost)  
  16  0:50  Gateway  
  16  0:55  Probe (Chrono Boost)  
  16  0:56  Assimilator  
  17  1:05  Probe (Chrono Boost)  
  18  1:11  Pylon  
  18  1:17  Forge  
  18  1:19  Probe (Chrono Boost)  
  19  1:30  Probe (Chrono Boost)  
  20  1:42  Probe (Chrono Boost)  
  21  1:51  Gateway  
  20  1:59  Assimilator  
  20  2:16  Cybernetics Core  
  20  2:21  Probe (Chrono Boost)  
  21  2:25  Nexus  
  21  2:30  Pylon  
  21  2:38  Probe (Chrono Boost)  
  21  2:39  Pylon  
  22  2:49  Probe (Chrono Boost)  
  23  2:55  Protoss Ground Weapons Level 1 (Chrono Boost)  
  23  2:57  Adept  
  25  3:06  Mothership Core (Chrono Boost)  
  27  3:16  Twilight Council  
  27  3:21  Pylon  
  27  3:24  Probe (Chrono Boost)  
  28  3:27  Warp Gate  
  28  3:36  Probe x2, Assimilator  
  30  3:46  Probe  
  30  3:48  Probe  
  32  4:00  Probe  
  32  4:01  Probe, Dark Shrine  
  34  4:10  Gateway  
  34  4:18  Sentry, Gateway  
  36  4:26  Probe  
  36  4:27  Probe  
  36  4:29  Resonating Glaives  
  38  4:53  Pylon  
  38  4:56  Probe  
  38  4:57  Probe  
  40  5:00  Robotics Facility  
  40  5:03  Pylon  
  40  5:06  Probe  
  40  5:08  Assimilator  
  40  5:09  Probe  
  42  5:17  Probe  
  43  5:21  Probe  
  43  5:27  Probe  
  44  5:33  Probe  
  46  5:38  Probe  
  47  5:49  Warp Prism  
  47  5:51  Nexus  
  47  5:54  Assimilator  
  47  5:56  Probe  
  49  5:57  Probe  
  49  5:58  Assimilator  
  49  6:02  Pylon  
  49  6:03  Pylon  
  51  6:06  Protoss Air Weapons Level 1, Protoss Ground Weapons Level 2 (Chrono Boost)  
  51  6:13  Probe, Stargate  
  51  6:14  Probe  
  53  6:24  Probe  
  53  6:32  Pylon  
  54  6:37  Pylon  
  54  6:41  Probe  
  54  6:42  Probe  
  54  6:46  Dark Templar  
  58  6:49  Dark Templar  
  58  6:53  Dark Templar, Pylon  
  62  6:55  Probe  
  62  6:58  Pylon  
  62  7:00  Dark Templar  
  65  7:01  Photon Cannon  
  65  7:20  Probe x2  
  65  7:21  Probe  
  65  7:22  Fleet Beacon  
  68  7:25  Stargate  
  68  7:31  Probe x2  
  68  7:34  Probe  
  71  7:40  Zealot x2  
  71  7:41  Probe x2, Dark Templar x2  
  65  8:19  Tempest x2  
  73  8:26  Probe  
  73  8:27  Probe  
  73  8:28  Probe  
  73  8:31  Stargate  
  73  8:33  Stargate  
  76  8:35  Protoss Shields Level 1 (Chrono Boost), Stargate  
  76  9:01  Protoss Air Weapons Level 2  
  76  9:03  Observer  
  76  9:08  Probe  
  77  9:10  Probe  
  79  9:21  Nexus  
  79  9:23  Assimilator  
  79  9:24  Observer, Assimilator  
  79  9:25  Tempest x2  
  79  9:27  Pylon  
  79  9:28  Pylon  
  88  9:31  Pylon  
  88  9:32  Pylon  
  88  9:35  Pylon  
  88  9:36  Tempest  
  92  9:40  Probe x2  
  92  9:41  Probe  
  95  9:51  Probe  
  96  9:53  Probe, Tempest  
  96  9:55  Tempest  
  96  9:57  Probe  
  106  10:01  Probe  
  106  10:05  Probe  
  108  10:08  Probe  
  108  10:10  Dark Templar x2  
  113  10:17  Probe  
  113  10:18  Probe x2  
  116  10:27  Probe, Dark Templar  
  116  10:28  Dark Templar  
  118  10:29  Probe  
  118  10:30  Probe  
  100  11:19  Dark Templar x4  
  112  12:05  Photon Cannon  
  107  12:25  Dark Templar  
  107  12:26  Dark Templar  
  87  13:42  Dark Templar x2  
  87  13:45  Pylon  
  87  13:46  Probe x4  
  87  13:47  Pylon  
  95  13:50  Pylon  
  95  13:53  Pylon  
  95  13:56  Probe  
  95  13:57  Probe x3, Tempest  
  99  14:07  Probe x4  
  103  14:17  Probe  
  81  14:54  Cybernetics Core  
  81  14:55  Gateway  
  81  14:58  Gateway  
  80  15:00  Gateway  
  80  15:02  Gateway  
  76  15:45  Nexus  
  76  15:48  Assimilator  
  76  15:52  Assimilator  
  76  15:53  Gateway  
  76  15:54  Gateway  
  76  15:56  Gateway  
Show
View Real Time Build Order
Export as new Build Order

MasteroP Zerg - Winner!

Build Orders: Pool First 

Get SALT Encoding   

  12  0:01  Drone  
  13  0:13  Overlord  
  13  0:17  Drone  
  14  0:31  Drone x2  
  14  0:35  Drone  
  17  0:49  Drone, Spawning Pool  
  17  0:53  Extractor  
  17  0:57  Drone  
  17  1:22  Drone  
  17  1:24  Hatchery  
  17  1:35  Zergling x4  
  19  1:41  Zergling x2  
  19  1:42  Queen  
  22  1:50  Overlord  
  22  2:07  Roach Warren  
  21  2:09  Drone  
  21  2:15  Drone  
  23  2:27  Drone  
  24  2:34  Lair  
  24  2:35  Drone  
  25  2:37  Drone  
  27  2:44  Drone  
  28  3:05  Drone x3  
  28  3:06  Drone x3  
  28  3:09  Drone  
  34  3:18  Drone  
  35  3:27  Drone  
  35  3:31  Extractor  
  35  3:36  Drone  
  35  3:38  Overlord x2  
  36  3:56  Queen  
  39  4:02  Drone  
  39  4:03  Drone x4  
  43  4:10  Spire  
  43  4:11  Hatchery  
  43  4:15  Extractor  
  43  4:17  Extractor  
  39  4:30  Drone x5  
  44  4:39  Spore Crawler  
  44  4:44  Spore Crawler  
  42  4:49  Spore Crawler  
  41  4:56  Drone x5  
  41  4:58  Overlord  
  46  5:12  Spire  
  46  5:14  Drone x5  
  46  5:15  Drone x2  
  46  5:20  Drone  
  53  5:28  Drone  
  53  5:29  Drone x2  
  53  5:35  Zerg Flyer Weapons Level 1  
  56  5:40  Drone x5  
  61  6:12  Extractor  
  61  6:15  Extractor  
  59  6:18  Mutalisk x2  
  59  6:19  Mutalisk  
  59  6:21  Overlord x5  
  65  6:34  Overlord x2  
  65  6:38  Zerg Flyer Armor Level 1  
  65  6:40  Mutalisk  
  67  6:54  Hatchery  
  66  6:56  Mutalisk x2  
  66  6:58  Zergling x14  
  66  6:59  Zergling x6  
  80  7:03  Metabolic Boost  
  80  7:09  Evolution Chamber  
  80  7:15  Evolution Chamber, Queen  
  80  7:20  Mutalisk x2  
  84  7:33  Overseer x2  
  84  7:35  Mutalisk  
  86  7:51  Mutalisk x2  
  86  7:52  Mutalisk  
  92  8:01  Drone x4  
  92  8:02  Drone x8  
  92  8:03  Drone  
  105  8:09  Extractor  
  105  8:10  Drone x3  
  105  8:11  Extractor  
  106  8:13  Mutalisk  
  106  8:17  Queen  
  110  8:20  Overlord x2  
  110  8:23  Mutalisk x4  
  118  8:29  Drone x2  
  120  8:34  Mutalisk  
  120  8:35  Mutalisk  
  124  8:46  Mutalisk x2  
  128  8:51  Zerg Melee Weapons Level 1  
  120  9:38  Mutalisk  
  120  9:39  Mutalisk x8  
  120  9:40  Mutalisk  
  138  9:58  Mutalisk x3  
  131  10:58  Mutalisk x3  
  131  10:59  Mutalisk x6  
  131  11:00  Mutalisk x4  
  121  11:16  Zergling x2  
  121  11:17  Zergling x16  
  114  11:59  Mutalisk  
  114  12:00  Mutalisk x9  
  114  12:01  Mutalisk  
  116  12:06  Mutalisk  
  116  12:07  Mutalisk  
  114  12:09  Overlord x4  
  114  12:11  Zergling x12  
  120  12:22  Zergling x10  
  125  12:37  Zergling x8  
  127  12:47  Zergling x18  
  127  12:48  Zergling x2  
  137  12:57  Mutalisk x4  
  137  12:58  Mutalisk x4  
  140  13:20  Mutalisk x3  
  140  13:21  Mutalisk x3  
  150  13:30  Zergling x2  
  150  13:31  Overlord x5  
  151  13:49  Overlord  
  151  13:50  Overlord  
  151  13:51  Zerg Flyer Weapons Level 2  
  151  13:52  Zerg Flyer Armor Level 2  
  151  13:54  Zerg Melee Weapons Level 2  
  151  13:56  Zerg Ground Armor Level 1  
  151  14:01  Baneling Nest, Zergling x8  
  151  14:02  Zergling x18  
  163  14:03  Zergling x12  
  163  14:42  Mutalisk x7  
  163  14:43  Mutalisk x2  
  181  14:50  Mutalisk  
  181  14:51  Zergling x4  
  181  14:52  Zergling x18  
  194  14:53  Zergling x10  
  179  15:16  Zergling x10  
  179  15:17  Zergling x14  
Tags
 
Add a new tag
Caveats
  • Supply blocks, unpowered buildings, or Contaminate may cause inaccurate times.
  • Supply counts are checked every 10 seconds.